Map: Ulrena

Players

MaSa

  • Race: Terran Terran
  • League: Master

Bails - Winner!

  • Race: Protoss Protoss
  • League: Master

Event: SpawningTool Invitational 1

VOD

https://www.youtube.com/watch?v=y051JGJX31k

Description

Time

  • Played on: May 30, 2016, 6:38 p.m.
  • Length: 8:10

All games in this series

Show
View Real Time Build Order
Export as new Build Order

MaSa Terran 

Build Orders:  

Get SALT Encoding   

  12  0:00  SCV  
  13  0:12  SCV  
  14  0:18  Supply Depot  
  14  0:24  SCV  
  15  0:40  Barracks  
  15  0:48  Barracks  
  15  0:52  SCV  
  16  1:05  Barracks  
  16  1:09  SCV  
  17  1:21  SCV  
  18  1:30  Marine  
  19  1:35  Marine  
  19  1:39  Orbital Command  
  20  1:50  Marine  
  21  1:54  Bunker, Marine  
  21  1:55  Marine  
  21  2:00  Supply Depot  
  23  2:22  Marine x3  
  26  2:27  SCV  
  24  2:39  Marine x2, SCV  
  24  2:41  Marine  
  27  2:57  Marine x2  
  26  3:01  Marine  
  26  3:03  SCV  
  28  3:06  Bunker  
  27  3:15  Marine x2  
  27  3:18  SCV  
  28  3:21  Marine  
  26  3:30  SCV  
  26  3:36  Marine x2  
  28  3:42  SCV  
  28  3:47  Marine  
  30  3:55  Command Center  
  31  3:58  Supply Depot  
  30  4:10  Marine  
  30  4:13  Marine  
  30  4:15  Refinery  
  30  4:16  Refinery  
  31  4:20  Marine, SCV  
  33  4:36  Bunker  
  33  4:38  SCV  
  33  4:40  Marine x3  
  36  4:52  SCV  
  35  5:02  Marine  
  35  5:05  SCV  
  35  5:06  Barracks  
  36  5:17  SCV  
  36  5:18  Factory  
  38  5:25  Marine  
  38  5:29  SCV  
  37  5:42  SCV  
  35  5:47  Barracks Reactor x2  
  35  6:00  SCV  
  35  6:01  Orbital Command  
  35  6:04  Factory Tech Lab  
  34  6:11  Marine  
  34  6:14  Marine  
  36  6:19  SCV  
  37  6:30  Cyclone  
  41  6:34  SCV  
  42  6:40  SCV  
  42  6:44  Marine, Barracks Tech Lab  
  42  6:45  Starport  
  44  6:48  Marine  
  44  6:51  Marine  
  46  6:55  Supply Depot  
  46  7:16  Siege Tank  
  46  7:19  Marine x2  
  46  7:20  Marine x2  
  52  7:25  Marine x2  
  49  7:37  Marine  
  49  7:38  Marine  
  52  7:48  Marine  
Show
View Real Time Build Order
Export as new Build Order

Bails Protoss - Winner!

Build Orders: 1 Gate Expand 

Get SALT Encoding   

  12  0:00  Probe (Chrono Boost)  
  13  0:11  Probe (Chrono Boost)  
  14  0:17  Pylon  
  14  0:22  Probe (Chrono Boost)  
  15  0:36  Probe (Chrono Boost)  
  15  0:37  Gateway  
  16  0:46  Probe (Chrono Boost)  
  16  0:47  Assimilator  
  18  0:57  Probe (Chrono Boost)  
  18  1:07  Probe (Chrono Boost)  
  19  1:18  Probe (Chrono Boost)  
  20  1:24  Cybernetics Core  
  20  1:28  Probe (Chrono Boost)  
  21  1:41  Nexus  
  21  1:49  Pylon  
  21  2:01  Mothership Core (Chrono Boost)  
  23  2:07  Adept (Chrono Boost), Assimilator  
  25  2:17  Pylon  
  25  2:19  Probe (Chrono Boost)  
  25  2:31  Probe  
  25  2:33  Adept (Chrono Boost)  
  28  2:41  Robotics Facility  
  28  2:45  Probe  
  29  2:54  Probe  
  29  2:57  Probe  
  29  3:04  Probe  
  29  3:05  Adept (Chrono Boost)  
  31  3:23  Mothership Core  
  29  3:32  Adept (Chrono Boost)  
  25  3:34  Warp Gate (Chrono Boost)  
  25  3:36  Probe  
  28  3:53  Gateway  
  28  3:54  Probe  
  29  3:58  Adept  
  31  4:14  Pylon  
  31  4:18  Pylon  
  31  4:36  Warp Prism (Chrono Boost)  
  33  4:40  Gateway  
  33  4:50  Gateway  
  33  5:03  Pylon  
  33  5:09  Observer  
  34  5:30  Adept x2  
  30  5:47  Immortal (Chrono Boost)  
  30  5:48  Adept  
  36  6:09  Pylon  
  36  6:11  Sentry x4  
  44  6:22  Pylon  
  45  6:32  Immortal (Chrono Boost)  
  48  6:53  Adept  
  48  6:54  Adept  
  52  6:55  Adept x2  
  56  7:03  Pylon  
  56  7:27  Adept x3  
  62  7:47  Adept  
  62  7:48  Adept  
  62  7:50  Adept  
  62  7:57  Adept  
Tags
 
Add a new tag
Caveats
  • Supply blocks, unpowered buildings, or Contaminate may cause inaccurate times.
  • Supply counts are checked every 10 seconds.